 Dungeon Crawl Stone Soup version 0.29.0-13-gc9e81de378 (webtiles) character file.

Game seed: 17727350985611142949

103 Gabide the Sneak (level 4, 0/44 HPs)
             Began as a Naga Monk on Sept 9, 2022.
             Splashed by a jelly's acid (6 damage)
             ... on level 2 of the Dungeon.
             The game lasted 00:04:08 (2270 turns).

Gabide the Sneak (Naga Monk)                        Turns: 2270, Time: 00:04:10

Health: 0/44       AC: -8    Str: 13    XL:     4   Next: 79%
Magic:  4/4        EV: 10    Int: 11    God:
Gold:   58         SH:  0    Dex: 15    Spells: 3/3 levels left

rFire   . . .      SeeInvis +   a - +2 short sword (venom)
rCold   . . .      Faith    .   (no shield)
rNeg    . . .      Spirit   .   f - +0 robe
rPois   +          Reflect  .   (no helmet)
rElec   .          Harm     .   o - +0 cloak
rCorr   .          Rampage  .   (no gloves)
Will    .....                   (no barding)
Stlth   +++.......              (no amulet)
HPRegen 0.14/turn               (no ring)
MPRegen 0.09/turn               (no ring)

@: corroded, very slow
A: AC +1, large, see invisible, deformed body, poison resistance, slowness 2,
spit poison 1, naga tail 1
a: Spit Poison


You were on level 2 of the Dungeon.
You visited 1 branch of the dungeon, and saw 2 of its levels.

You collected 58 gold pieces.

Inventory:

Hand Weapons
 a - a +2 short sword of venom (weapon)
 b - a +0 sling
Missiles
 g - 3 poisoned darts
Armour
 f - a +0 robe (worn)
 o - a +0 cloak (worn)
Jewellery
 n - a ring of ice
Scrolls
 h - a scroll of magic mapping {unknown}
 i - a scroll of fear {unknown}
 j - 6 scrolls of identify {unknown}
 k - 2 scrolls of teleportation {unknown}
 l - a scroll of noise {unknown}
 m - a scroll of enchant weapon {unknown}
 q - a scroll of blinking {unknown}
 r - a scroll of poison {unknown}
Potions
 e - a potion of mutation {unknown}
 p - a potion of haste {unknown}


   Skills:
 + Level 3.7 Fighting
 + Level 3.7 Short Blades
 + Level 3.0 Dodging
 + Level 4.5 Stealth


You had 3 spell levels left.
You didn't know any spells.
Your spell library contained the following spells:

 Spells                   Type           Power      Damage    Failure   Level
 Confusing Touch          Hex            0%         N/A       71%         3
 Yara's Violent Unravell  Hex/Tmut       0%         3d3       100%        5
 Enfeeble                 Hex            0%         N/A       100%        7


Dungeon Overview and Level Annotations

Branches:
Dungeon (2/15)

Altars:


Innate Abilities, Weirdness & Mutations

Your serpentine skin is tough. (AC +1)
You have supernaturally acute eyesight. (SInv)
Armour fits poorly on your strangely shaped body.
Your system is resistant to poisons. (rPois)
You cover ground very slowly.
You can spit poison.
You have a snake-like lower body.


Message History

You impale the endoplasm!!
You kill the endoplasm!
The jelly quivers. x2
The helpless endoplasm fails to defend itself.
You impale the endoplasm!!
You kill the endoplasm!
The endoplasm quivers. x3
You barely miss the jelly.
The endoplasm quivers.
The jelly hits you. The acid corrodes you!
You are splashed with acid!
The endoplasm hits the fungus.
The fungus begins to die.
There is an open door here.
The endoplasm attacks as you move away! The endoplasm barely misses you.
You see here a +0 dagger.
The jelly hits you.
You are splashed with acid!
You hit the jelly.
Your hands burn!
The jelly is lightly wounded.
You are confused.
You feel invigorated. The jelly hits you.
You are splashed with acid.
You hit the jelly but do no damage.
The jelly is poisoned.
The acid corrodes you!
Your hands burn!
The jelly is lightly wounded.
The jelly hits you.
You are splashed with acid!
* * * LOW HITPOINT WARNING * * *
You bump into the rock wall.
You feel less invigorated.
You feel less confused. The jelly hits you.
* * * LOW HITPOINT WARNING * * *
The acid corrodes you!
You are splashed with acid.
* * * LOW HITPOINT WARNING * * *
It was a potion of curing.
You feel better. The jelly closely misses you.
The jelly attacks as you move away! The jelly closely misses you.
The jelly barely misses you.
You hit the jelly.
The jelly looks as sick as possible!
Your hands burn!
* * * LOW HITPOINT WARNING * * *
The jelly is severely wounded.
The jelly hits you.
* * * LOW HITPOINT WARNING * * *
You are splashed with acid.
You die...

#.####.# #..# #[#######.....##
#†##...###..# #.......#####.##
#..#.####...# ######### #..#
##.#.# ##### ### ####.. #...#
#######.##....J!####.....
##.#####....#.#.#÷...÷P##...####
#)#.##.....#.#.#..J...##.###
#)).'..)...#'#.#.....P####
##..'..).....#@#J÷J...#
##.'........#J#JPPP..#
#.##.......#J#....÷J#
#####......##'J÷...P#
##########÷.....# ########


You could see 2 jellies.

Vanquished Creatures
  4 adders (D:2)
  3 gnolls (D:2)
  4 bats
  5 endoplasms
  2 giant cockroaches (D:1)
  6 goblins
  A hobgoblin (D:2)
  2 ball pythons
  2 frilled lizards
  9 kobolds (D:2)
  2 rats
40 creatures vanquished.

Vanquished Creatures (others)
  3 fungi (D:2)
  8 toadstools (D:2)
11 creatures vanquished.

Grand Total: 51 creatures vanquished

Notes
Turn   | Place    | Note
-------+----------+-------------------------------------------
     0 | D:1      | Gabide the Naga Monk began the quest for the Orb.
     0 | D:1      | Reached XP level 1. HP: 21/21 MP: 1/1
   229 | D:1      | Found a faded altar of an unknown god.
   353 | D:1      | Reached XP level 2. HP: 28/28 MP: 2/2
   812 | D:2      | Reached XP level 3. HP: 14/34 MP: 3/3
  1310 | D:2      | Reached skill level 4 in Stealth
  1522 | D:2      | Reached XP level 4. HP: 38/42 MP: 4/4
  2270 | D:2      | Splashed by a jelly's acid

Illustrated notes

Levels and vault maps discovered:
D:1:      psy_arrival_statuary, layout_rooms,
          hellmonk_ecumenical_altar_heavens_door
D:2:      cheibrodos_fertilizer, layout_rooms, minmay_quadrilaterals

Skill      XL: |  1  2  3  4 |
---------------+-------------+-----
Stealth        | 4 |  4.5
Dodging        | 3 |  3.0
Fighting       | |  3.7
Short Blades   | |  3.7

Action                   |  1- 3 |  4- 6 || total
-------------------------+-------+-------++-------
Melee: Short sword       |    45 |    27 ||    72
 Fire: Sling             |     7 |       ||     7
 Abil: Spit Poison       |    18 |    14 ||    32
  Use: Potion            |       |     2 ||     2
 Stab: Sleeping          |     4 |     4 ||     8
Armor: Robe              |     2 |     5 ||     7
Dodge: Dodged            |    35 |    21 ||    56
